 Dungeon Crawl Stone Soup version 0.23.2-30-g0e89c35 (webtiles) character file.

Game seed: 16690543518278542719

2355 Fortress the Firebug (level 9, -15/70 HPs)
             Began as a Grey Draconian Fire Elementalist on June 14, 2019.
             Was a Follower of Vehumet.
             Demolished by Harold
             ... wielding a +0 dire flail
              (25 damage)
             ... on level 7 of the Dungeon.
             The game lasted 00:35:46 (7465 turns).

Fortress the Firebug (DrFE)                         Turns: 7465, Time: 00:35:47

Health: -15/70     AC: 17    Str: 10    XL:     9   Next: 20%
Magic:  11/18      EV:  6    Int: 26    God:    Vehumet [*.....]
Gold:   119        SH:  0    Dex: 13    Spells: 14/20 levels left

rFire    . . .     SeeInvis .   M - staff of energy
rCold    . . .     Gourm    .   (no shield)
rNeg     . . .     Faith    .   (armour unavailable)
rPois    .         Spirit   .   (helmet restricted)
rElec    .         Reflect  .   e - +2 cloak
rCorr    .         Harm     .   I - +0 pair of gloves
MR       .....                  k - +0 pair of boots
Stlth    ++........             F - amulet of magic regeneration
HPRegen  0.21/turn              j - +4 ring of intelligence
MPRegen  0.41/turn              x - +4 ring of intelligence

@: marked, held, lightly drained
A: walk through water, unfitting armour, unbreathing, cold-blooded, AC +12
a: Renounce Religion


You were on level 7 of the Dungeon.
You worshipped Vehumet.
Vehumet was aware of your devotion.
You were hungry.

You visited 2 branches of the dungeon, and saw 8 of its levels.

You collected 251 gold pieces.
You spent 132 gold pieces at shops.

Inventory:

Hand Weapons
 s - a +5 dagger
 E - a +3 blowgun
 K - a +2 mace of protection
 L - the +9 trident of the Maze {venom, rC++ MR+++ Int-5}
   (You found it on level 6 of the Dungeon)

   It poisons the flesh of those it strikes.
   It affects your intelligence (-5).
   It greatly protects you from cold.
   It affects your resistance to hostile enchantments.
Missiles
 d - 194 stones (quivered)
 f - 3 tomahawks of returning
 r - 62 sling bullets
 C - 32 poisoned needles
Armour
 e - a +2 cloak (worn)
 g - a scarf of spirit shield
 k - a +0 pair of boots (worn)
 I - a +0 pair of gloves (worn)
Magical Staves
 M - an uncursed staff of energy (weapon)
Jewellery
 j - a +4 ring of intelligence (left hand)
 v - a +1 ring of protection
 x - a +4 ring of intelligence (right hand)
 y - an uncursed ring of ice
 F - an amulet of magic regeneration (around neck)
Wands
 B - a wand of flame (9)
Scrolls
 a - 5 scrolls of teleportation
 h - a scroll of amnesia
 n - 4 scrolls of remove curse
 D - 2 scrolls of enchant weapon
 G - 2 scrolls of enchant armour
 N - a scroll of immolation {unknown}
Potions
 i - a potion of magic {unknown}
 l - a potion of ambrosia
 m - a potion of flight {unknown}
 o - 3 potions of agility
 p - a potion of heal wounds {unknown}
 q - a potion of brilliance {unknown}
 t - 2 potions of lignification
 u - 2 potions of resistance
 w - 2 potions of might
 z - a potion of degeneration {unknown}
 A - a potion of curing
 H - a potion of invisibility {unknown}
 J - a potion of berserk rage {unknown}
Comestibles
 b - 13 rations


   Skills:
 * Level 3.4(3.3) Fighting
 - Level 2.0(1.9) Dodging
 - Level 2.0(1.9) Stealth
 - Level 6.0(5.9) Spellcasting
 + Level 6.9(6.8) Conjurations
 + Level 7.8(7.7) Fire Magic


You had 14 spell levels left.
You knew the following spells:

 Your Spells              Type           Power        Failure   Level  Hunger
a - Flame Tongue          Conj/Fire      #####        1%          1    None
b - Throw Flame           Conj/Fire      #####.       1%          2    None
c - Conjure Flame         Conj/Fire      #####...     1%          3    None

Your spell library contained the following spells:

 Spells                   Type           Power        Failure   Level  Hunger
 Magic Dart               Conj           ####         1%          1    None
 Sticky Flame             Conj/Fire      #####...     3%          4    None
 Inner Flame              Hex/Fire       ####....     4%          3    None
 Beastly Appendage        Tmut           #.....       7%          1    None
 Fireball                 Conj/Fire      #####.....   10%         5    None
 Sticks to Snakes         Tmut           #.......     11%         2    None
 Spider Form              Tmut/Pois      #.........   22%         3    None
 Ice Form                 Ice/Tmut       #.......     56%         4    None
 Blade Hands              Tmut           #.........   89%         5    None


Dungeon Overview and Level Annotations

Branches:
Dungeon (7/15)             Temple (1/1) D:4

Altars:
Ashenzari
Cheibriados
Dithmenos
Elyvilon
Fedhas
Gozag
Hepliaklqana
Kikubaaqudgha
Nemelex Xobeh
Okawaru
Qazlal
Ru
Trog
Uskayaw
Vehumet
Wu Jian
Xom
Yredelemnul
Zin
The Shining One

Shops:
D:7 (

Annotations:
D:7 Harold


Innate Abilities, Weirdness & Mutations

You can walk through water.
Your dull iron-grey scales are very hard. (AC +12)
You cannot fit into any form of body armour.
You can survive without breathing.
You are cold-blooded and may be slowed by cold attacks.


Message History

Confirm with . or Enter, or press ? or * to list all spells.
Aiming: Flame Tongue (safe; 1% risk of failure)
Press: ? - help, Shift-Dir - straight line, f/p - Harold
Aim: Harold, wielding a +0 dire flail and wearing a +4 scale mail of cold resistance (flame, almost dead)
The flame tongue misses Harold.
The flame tongue hits the orc wizard.
The orc wizard is severely wounded.
Harold is engulfed in blazing flames.
Harold casts a spell at you. A sentinel's mark forms upon you.
An ogre comes into view. It is wielding a +0 giant spiked club.
Casting: Flame Tongue (safe; 1% risk of failure)
Confirm with . or Enter, or press ? or * to list all spells.
Aiming: Flame Tongue (safe; 1% risk of failure)
Press: ? - help, Shift-Dir - straight line, f/p - Harold
Aim: Harold, wielding a +0 dire flail and wearing a +4 scale mail of cold resistance (flame, almost dead)
The flame tongue misses Harold.
The flame tongue hits the orc wizard!
You kill the orc wizard!
Vehumet accepts your kill.
Harold is engulfed in blazing flames.
Harold hits you with a +0 dire flail!!
You die...

#######
#.....##########
#.###.#........#
######.# #.#........#
#...##.# #.#........#
#...##.# #.).....<..#
#...##.########.###.#
#..)@@.#... #.# #
#..O####.### #.#
#..........# #.#
#......#..##. ..#
#...........# #..
##.....########.#
#............#
##....####.###
#.........###


You could see Harold and an ogre.

Vanquished Creatures
  Pikel (D:7)
  Menkaure (D:7)
  An ice beast (D:5)
  A black bear (D:6)
  2 ogres
  A phantom (D:4)
  2 slaves (D:7)
  4 bullfrogs
  3 crimson imps (D:5)
  2 howler monkeys
  2 bullfrog skeletons (D:5)
  A centaur skeleton (D:4)
  2 jellies
  2 orc priests
  Crazy Yiuf (D:7)
  A hound (D:5)
  3 orc wizards
  Terence (D:2)
  7 worker ants
  Ijyb (D:4)
  A hound skeleton (D:4)
  2 worker ant zombies
  Robin (D:2)
  14 adders
  2 oozes
  2 worms (D:3)
  9 dart slugs
  7 leopard geckos
  12 orcs
  A ball python (D:2)
  6 giant cockroaches
  24 goblins
  11 hobgoblins
  2 jackals (D:4)
  7 kobolds
  2 quokkas
  7 bats
  4 frilled lizards
  8 rats
161 creatures vanquished.

Vanquished Creatures (others)
  A slave (D:7)
1 creature vanquished.

Grand Total: 162 creatures vanquished

Notes
Turn   | Place    | Note
-------+----------+-------------------------------------------
     0 | D:1      | Fortress the Draconian Fire Elementalist began the quest
                  | for the Orb.
     0 | D:1      | Reached XP level 1. HP: 14/14 MP: 3/3
   371 | D:1      | Reached XP level 2. HP: 20/20 MP: 3/5
   818 | D:1      | Reached XP level 3. HP: 26/26 MP: 2/6
  1447 | D:2      | Reached skill level 4 in Fire Magic
  1451 | D:2      | Reached XP level 4. HP: 16/33 MP: 1/8
  2083 | D:2      | Found a faded altar of an unknown god.
  2248 | D:2      | Noticed Robin
  2267 | D:1      | Reached XP level 5. HP: 32/38 MP: 2/9
  2537 | D:2      | Killed Robin
  2750 | D:2      | Noticed Terence
  2760 | D:2      | Killed Terence
  3053 | D:3      | Reached XP level 6. HP: 18/45 MP: 6/11
  3330 | D:3      | Learned a level 2 spell: Throw Flame
  3334 | D:3      | Learned a level 3 spell: Conjure Flame
  4253 | D:4      | Found an ornate altar of the Wu Jian Council.
  4306 | D:4      | Reached skill level 5 in Fire Magic
  4672 | D:4      | Found a staircase to the Ecumenical Temple.
  4678 | Temple   | Entered the Ecumenical Temple
  4916 | Temple   | Became a worshipper of Vehumet
  4972 | D:4      | Noticed Ijyb
  4979 | D:4      | Killed Ijyb
  4979 | D:4      | Your scales start taking on a dull iron-grey colour.
  4979 | D:4      | Reached XP level 7. HP: 44/50 MP: 5/13
  4979 | D:4      | Gained mutation: You can survive without breathing. [Grey
                  | Draconian growth]
  5232 | D:5      | Entered Level 5 of the Dungeon
  5420 | D:5      | Reached skill level 5 in Spellcasting
  5533 | D:5      | Found a stormy altar of Qazlal.
  5536 | D:5      | Noticed a fire elemental
  5536 | D:5      | Noticed a water elemental
  5536 | D:5      | Noticed an air elemental
  5711 | D:5      | Reached skill level 6 in Fire Magic
  6200 | D:6      | Found a shattered altar of Ashenzari.
  6218 | D:6      | Reached XP level 8. HP: 55/57 MP: 14/16
  6297 | D:6      | Reached skill level 5 in Conjurations
  6298 | D:6      | Found a blossoming altar of Fedhas.
  6466 | D:6      | Found a white marble altar of Elyvilon.
  6552 | D:6      | Found a glowing golden altar of the Shining One.
  6863 | D:6      | Reached * piety under Vehumet
  6863 | D:6      | Offered knowledge of Magic Dart by Vehumet.
  6903 | D:6      | Found an iron altar of Okawaru.
  6972 | D:6      | Got an ichor-stained trident
  6973 | D:6      | Identified the +9 trident of the Maze {venom, rC++ MR+++
                  | Int-5} (You found it on level 6 of the Dungeon)
  7018 | D:6      | Reached skill level 1 in Fighting
  7101 | D:7      | Reached skill level 7 in Fire Magic
  7107 | D:7      | Found Qid Bewathri's Antique Weapon Boutique.
  7110 | D:7      | Noticed Pikel
  7137 | D:7      | Killed Pikel
  7137 | D:7      | Reached XP level 9. HP: 61/69 MP: 6/18
  7142 | D:7      | Bought a glowing blowgun for 132 gold pieces
  7182 | D:7      | Noticed Menkaure
  7186 | D:7      | Killed Menkaure
  7239 | D:7      | Found a runed translucent door.
  7240 | D:7      | Noticed Crazy Yiuf
  7249 | D:7      | Killed Crazy Yiuf
  7291 | D:7      | Noticed Harold
  7465 | D:7      | Demolished by Harold

Skill      XL: |  1  2  3  4  5  6  7  8 |
---------------+-------------------------+-----
Dodging        | 2 |  2.0
Stealth        | 2 |  2.0
Fire Magic     | 4 5 6 7 |  7.8
Spellcasting   | 3 4 5 6 |  6.0
Conjurations   | 2 3 4 6 |  6.9
Fighting       | 3 |  3.4

Action                   |  1- 3 |  4- 6 |  7- 9 || total
-------------------------+-------+-------+-------++-------
Melee: Unarmed           |     7 |       |       ||     7
       Dagger            |    22 |    47 |    40 ||   109
       Tailslap          |     1 |     2 |     5 ||     8
       Staff             |       |       |     7 ||     7
 Fire: Blowgun           |       |       |     2 ||     2
 Cast: Flame Tongue      |    51 |   166 |   175 ||   392
       Conjure Flame     |       |       |     4 ||     4
       Throw Flame       |       |       |    10 ||    10
  Use: Scroll            |       |     8 |    11 ||    19
       Potion            |       |       |     1 ||     1
 Stab: Sleeping          |       |     1 |       ||     1
  Eat: Chunk             |     2 |    10 |     8 ||    20
Armor: Skin              |    16 |    58 |    70 ||   144
Dodge: Dodged            |    41 |   120 |    90 ||   251
